 Dungeon Crawl Stone Soup version 0.23-a0-701-gd76f34b (webtiles) character file.

335 ohad the Ruffian (level 6, -6/59 HPs)
             Began as a Troll Monk on Jan 12, 2019.
             Killed by divine providence
             ... invoked by an orc priest
              (11 damage)
             ... on level 4 of the Dungeon.
             The game lasted 00:06:59 (2698 turns).

ohad the Ruffian (Troll Monk)                       Turns: 2698, Time: 00:07:00

Health: -6/59      AC:  6    Str: 20    XL:     6   Next: 28%
Magic:  5/5        EV: 10    Int:  6    God:
Gold:   197        SH:  0    Dex: 14    Spells: 5/5 levels left

rFire    . . .     SeeInvis .     - Unarmed
rCold    . . .     Gourm    +   (no shield)
rNeg     . . .     Faith    .   a - +0 robe
rPois    .         Spirit   .   (helmet restricted)
rElec    .         Reflect  .   j - +0 cloak
rCorr    .         Harm     .   (gloves unavailable)
MR       .....                  (boots unavailable)
Stlth    ++........             (no amulet)
HPRegen  0.59/turn              (no ring)
MPRegen  0.09/turn              (no ring)

@: no status effects
A: large, unfitting armour, claws 3, fast metabolism 3, gourmand, regeneration
1, shaggy fur 1, tough skin 2
a: no special abilities


You were on level 4 of the Dungeon.
You were completely stuffed.

You visited 1 branch of the dungeon, and saw 4 of its levels.

You collected 197 gold pieces.

Inventory:

Hand Weapons
 p - a +0 giant club
Armour
 a - a +0 robe (worn)
 j - a +0 cloak (worn)
Scrolls
 d - a scroll of blinking {unknown}
 e - 6 scrolls of remove curse {unknown}
 g - a scroll of identify {unknown}
 h - 4 scrolls of teleportation {unknown}
 l - 2 scrolls of random uselessness {unknown}
 n - a scroll of enchant armour {unknown}
Potions
 c - a potion of lignification {unknown}
 f - 2 potions of berserk rage {unknown}
 k - 3 potions of curing {unknown}
 m - 2 potions of experience {unknown}
 o - a potion of magic {unknown}
Comestibles
 b - 10 rations
 i - 3 chunks of flesh


   Skills:
 - Level 2.4 Fighting
 - Level 2.4 Dodging
 - Level 1.0 Stealth
 + Level 7.1 Unarmed Combat


You had 5 spell levels left.
You didn't know any spells.
Your spell library was empty.

Dungeon Overview and Level Annotations

Branches:
Dungeon (4/15)
 Temple: D:4-7

Altars:
Dithmenos
Gozag
Nemelex Xobeh
Ru
Sif Muna


Innate Abilities, Weirdness & Mutations

You are too large for most types of armour.
You have claws for hands.
Your metabolism is lightning-fast.
You like to eat raw meat.
Your natural rate of healing is unusually fast.
You are covered in fur. (AC +1)
You have very tough skin. (AC +2)


Message History

The orc priest looks braver for a moment.
The orc wizard gestures at you while chanting.
You resist with some effort.
A magic dart appears from out of thin air!
The magic dart hits you! The orc wizard closely misses you.
The orc priest invokes the aid of Beogh against you.
Pain shoots through your body!
* * * LOW HITPOINT WARNING * * *
The orc wizard hits you but does no damage. x2
The orc wizard casts a spell at you. The magic dart hits you!
* * * LOW HITPOINT WARNING * * *
The orc priest looks encouraged for a moment.
The orc priest calls upon Beogh to heal the orc wizard.
The orc wizard is healed somewhat.
The orc wizard completely misses you.
The orc wizard mumbles some strange words.
The orc wizard blinks!
The orc priest mumbles some strange prayers to Beogh against you.
Beogh smites you!
You die...

............###....
....<.......###.#.#
...........###..#.#
......#.####...##÷#
.#..#####....###...
#........####)..#.
#..........#..#####....###...
#..........#o.# ####...##.#
#..........#@.# ##..###..#.#
#..........#o.####.....##.###
##...#.#...#.....+.....##..#.
...........#..####.....###.#.
.....#)#...#.§..##.....#.#.#.
...........#..o..#.......#...
######o.####o............##.#
...........oo....##......##.#
.........o...............##.#


You could see 2 orc priests, 2 orc wizards and 2 orcs.

Vanquished Creatures
  An ogre (D:4)
  A hound (D:4)
  A bullfrog skeleton (D:4)
  A worker ant (D:4)
  7 adders
  An ooze (D:3)
  An adder skeleton (D:4)
  A worm (D:3)
  3 dart slugs
  2 leopard geckos
  8 orcs
  11 giant cockroaches
  12 goblins
  5 hobgoblins
  4 jackals (D:3)
  3 kobolds
  3 quokkas
  2 ball pythons (D:2)
  5 bats (D:1)
  4 frilled lizards
  11 rats
87 creatures vanquished.

Notes
Turn   | Place    | Note
-------+----------+-------------------------------------------
     0 | D:1      | ohad the Troll Monk began the quest for the Orb.
     0 | D:1      | Reached XP level 1. HP: 22/22 MP: 0/0
    99 | D:1      | Reached XP level 2. HP: 29/29 MP: 1/1
   330 | D:1      | Reached skill level 4 in Unarmed Combat
   792 | D:2      | Reached XP level 3. HP: 36/36 MP: 2/2
  1071 | D:2      | Found a shadowy altar of Dithmenos.
  1071 | D:2      | Found a deep blue altar of Sif Muna.
  1072 | D:2      | Found a sparkling altar of Nemelex Xobeh.
  1469 | D:3      | Reached XP level 4. HP: 42/44 MP: 3/3
  1507 | D:3      | Reached skill level 5 in Unarmed Combat
  1811 | D:3      | Found a sacrificial altar of Ru.
  1849 | D:3      | Found an opulent altar of Gozag.
  2322 | D:4      | Reached XP level 5. HP: 50/50 MP: 4/4
  2371 | D:4      | Noticed an ogre
  2388 | D:4      | Killed an ogre
  2388 | D:4      | Reached skill level 6 in Unarmed Combat
  2507 | D:4      | Reached XP level 6. HP: 57/59 MP: 5/5
  2645 | D:4      | Reached skill level 7 in Unarmed Combat
  2694 | D:4      | HP: 2/59 [orc wizard/magic dart (4)]
  2698 | D:4      | Killed from afar by an orc priest

Vault maps used:
D:1:      lightli_iron_boxes, hangedman_abyss_or_decor_stabs
D:2:      gammafunk_temple_overflow_claw
D:3:      minmay_bubble_buster, overflow_temple_1_default,
          grunt_gozag_breadcrumbs, first_ration
D:4:      minmay_general_purpose_star, serial_shops, kennysheep_mini_moat,
          serial_glass, glass_columns_c, glass_columns_a

Skill      XL: |  1  2  3  4  5  6 |
---------------+-------------------+-----
Unarmed Combat | 4 5 6 7 |  7.1
Fighting       | |  2.4
Dodging        | |  2.4
Stealth        | |  1.0

Action                   |  1- 3 |  4- 6 || total
-------------------------+-------+-------++-------
Melee: Unarmed           |   102 |   131 ||   233
       Punch             |     1 |     4 ||     5
 Stab: Sleeping          |     1 |     2 ||     3
  Eat: Chunk             |    19 |    11 ||    30
Armor: Robe              |    31 |    48 ||    79
Dodge: Dodged            |    54 |    68 ||   122

Table legend:
 A = Non-vault XP
 B = Vault XP
 C = Vault XP percentage of total XP
 D = Non-vault monster count
 E = Vault monster count
 F = Vault count percentage of total count
                 A         B        C        D         E       F
            +---------+---------+-------+---------+---------+-------
      Total |     380 |      99 |  20.7 |      73 |      14 |  16.1
            +---------+---------+-------+---------+---------+-------
        D:1 |      38 |       0 |   0.0 |      21 |       0 |   0.0
        D:2 |      33 |       0 |   0.0 |      13 |       0 |   0.0
        D:3 |      65 |      53 |  44.9 |      27 |      12 |  30.8
        D:4 |     244 |      46 |  15.9 |      12 |       2 |  14.3
            +---------+---------+-------+---------+---------+-------
